 Dungeon Crawl Stone Soup version 0.19-a0-414-g76fec5b (webtiles) character file.

7350 Loading the Cleaver (level 10, -7/93 HPs)
             Began as a Minotaur Fighter on May 31, 2016.
             Was a Believer of Hepliaklqana.
             Mangled by Ajdolov's ghost (20 damage)
             ... on level 1 of the Lair of Beasts.
             The game lasted 00:20:16 (8886 turns).

Loading the Cleaver (Minotaur Fighter)              Turns: 8886, Time: 00:20:17

Health: -7/93      AC: 15    Str: 23    XL:     10   Next: 91%
Magic:  13/13      EV:  8    Int: 12    God:    Hepliaklqana [**....]
Gold:   332        SH:  0    Dex: 13    Spells: 0 memorised, 9 levels left

rFire  . . .     SeeInvis .     a - +1 war axe
rCold  . . .     Gourm    .     E - +0 chain mail
rNeg   . . .     Faith    .     (no shield)
rPois  +         Spirit   .     K - +0 hat {Int+3}
rElec  .         Dismiss  .     (no cloak)
rCorr  .         Reflect  .     B - +0 pair of gloves
SustAt .         Harm     .     p - +1 pair of boots
MR     +....                    (no amulet)
Stlth  ..........               h - ring of Wigajeg {rPois MR+ Int+4}
                                s - +2 ring of strength

@: somewhat resistant to hostile enchantments, extremely unstealthy
A: retaliatory headbutt, horns 2
a: Recall Ancestor, Ancestor Identity, Renounce Religion


You were on level 1 of the Lair of Beasts.
You worshipped Hepliaklqana.
Hepliaklqana was pleased with you.
You were hungry.

You visited 2 branches of the dungeon, and saw 11 of its levels.

You collected 492 gold pieces.
You spent 160 gold pieces at shops.

Inventory:

Hand Weapons
 a - a +1 war axe (weapon)
Armour
 c - a +0 shield
 p - a +1 pair of boots (worn)
 B - a +0 pair of gloves (worn)
 E - a +0 chain mail (worn)
 K - a +0 hat of intelligence (worn)
Jewellery
 h - the ring of Wigajeg (right hand) {rPois MR+ Int+4}
   (You bought it in a shop on level 6 of the Dungeon)

   [ring of poison resistance]

   It affects your intelligence (+4).
   It protects you from poison.
   It affects your resistance to hostile enchantments.
 k - an uncursed amulet of faith
 l - an uncursed ring of see invisible
 s - a +2 ring of strength (left hand)
 w - an uncursed amulet of dismissal
 L - an uncursed ring of fire
Wands
 u - a wand of enslavement (13/24)
 v - a wand of enslavement (8/24)
 C - a wand of acid (5/15)
 F - a wand of confusion (22/48)
 H - a wand of flame (10/48)
Scrolls
 d - a scroll of amnesia
 e - 4 scrolls of teleportation
 m - 3 scrolls of fog
 x - 2 scrolls of remove curse
 y - 2 scrolls of enchant armour
 I - a scroll of magic mapping
 M - a scroll of identify
Potions
 b - a potion of cure mutation
 g - 3 potions of curing
 j - a potion of magic
 n - 3 potions of mutation
 o - a potion of ambrosia
 r - a potion of lignification
 A - 2 potions of flight
 D - a potion of brilliance
Books
 G - a book of the Tempests

   Spells                             Type                      Level
   a - Static Discharge               Conjuration/Air              3
   b - Lightning Bolt                 Conjuration/Air              5
   c - Fireball                       Conjuration/Fire             5
   d - Tornado                        Air                          9
   e - Shatter                        Earth                        9
Comestibles
 f - 6 bread rations
 i - 5 meat rations
 z - a slice of pizza
 J - a royal jelly


   Skills:
 + Level 10.0 Fighting
 * Level 12.8 Axes
 + Level 10.0 Armour
 - Level 3.6 Shields
 + Level 6.6 Invocations


You had 9 spell levels left.
You didn't know any spells.

Dungeon Overview and Level Annotations

Branches:
Dungeon (10/15)            Temple (0/1) D:7            Lair (1/8) D:8
    Orc: D:9-12

Altars:
Cheibriados
Dithmenos
Fedhas
Gozag
Hepliaklqana
Nemelex Xobeh
Okawaru
Vehumet
Yredelemnul
Zin

Shops:
D:4 :   D:6 *

Annotations:
Lair:1 Ajdolov's ghost, novice HOFi


Innate Abilities, Weirdness & Mutations

You reflexively headbutt those who attack you in melee.
You have a pair of horns on your head.


Message History

Ajdolov's ghost is severely damaged.
Spork hits Ajdolov's ghost but does no damage.
Ajdolov's ghost barely misses Spork.
You barely miss Ajdolov's ghost.
You headbutt Ajdolov's ghost, but do no damage.
Ajdolov's ghost is severely damaged.
Spork hits Ajdolov's ghost but does no damage.
Ajdolov's ghost hits Spork!
You barely miss Ajdolov's ghost.
Ajdolov's ghost is severely damaged.
Spork hits Ajdolov's ghost with a dagger of draining.
Ajdolov's ghost hits you!
* * * LOW HITPOINT WARNING * * *
You closely miss Ajdolov's ghost.
Ajdolov's ghost is severely damaged.
Spork closely misses Ajdolov's ghost.
Ajdolov's ghost hits you!!
* * * LOW HITPOINT WARNING * * *
You feel better.
Spork closely misses Ajdolov's ghost.
Ajdolov's ghost hits you!!
You die...

#......♣ #......♣
#......♣ #......
#.....♣♣ #......♣
#...W..♣ #...@R♣♣ #.#
#.... #......♣##..
.... ##.....♣♣#..
♣♣... #.......♣..#
♣....
##......♣..♣♣♣♣♣#♣♣...
#.......♣...♣...♣.....
#.....................
##....................
#.....................


You could see Ajdolov's ghost and the friendly Spork the hexer.

Vanquished Creatures
  The ghost of Xiguana the Cleaver, a novice DDFi of Pakellas (D:6)
  A vampire (D:10)
  8 yaks (D:8)
  A hippogriff (D:7)
  A hungry ghost (D:9)
  A basilisk (D:8)
  4 water moccasins
  4 porcupines
  3 ice beasts
  A sky beast (D:8)
  7 ogres
  3 centaurs
  2 crocodiles
  A gnoll sergeant (D:5)
  2 scorpions (D:9)
  3 wights (D:7)
  A howler monkey (D:7)
  3 crimson imps
  A quasit (D:9)
  5 hounds
  A jelly (D:6)
  2 orc wizards (D:3)
  A centaur skeleton (D:6)
  A giant frog skeleton (D:9)
  6 orc priests
  2 iguanas
  Ijyb (D:3)
  3 worker ants
  A hound zombie (D:9)
  9 gnolls
  6 adders
  4 river rats
  2 shadow imps
  An ooze (D:4)
  An adder skeleton (D:4)
  3 worms
  3 dart slugs
  6 giant geckos
  21 orcs
  4 giant cockroaches
  7 hobgoblins
  6 jackals
  9 kobolds
  2 quokkas
  3 ball pythons
  8 bats
  A giant gecko skeleton (D:4)
  7 giant newts
  11 goblins
  A quokka skeleton (D:5)
  A quokka zombie (D:5)
  4 rats
  A plant (D:3)
192 creatures vanquished.

Vanquished Creatures (collateral kills)
  Gastronok (D:9)
  Prince Ribbit (D:9)
  A porcupine (D:8)
  An ice beast (D:8)
  A phantom (D:6)
  A centaur skeleton (D:10)
  A hound (D:6)
  An orc wizard (D:8)
  A worker ant (D:7)
  A gnoll (D:6)
  An orc (D:8)
  2 jackals (D:6)
  A quokka (D:8)
14 creatures vanquished.

Vanquished Creatures (others)
  A porcupine (D:8)
  An ancestor (D:8)
  A hexer (D:8)
  2 plants (D:8)
5 creatures vanquished.

Grand Total: 211 creatures vanquished

Notes
Turn   | Place    | Note
--------------------------------------------------------------
     0 | D:1      | Loading the Minotaur Fighter began the quest for the Orb.
     0 | D:1      | Reached XP level 1. HP: 19/19 MP: 0/0
   164 | D:1      | Reached XP level 2. HP: 27/27 MP: 1/1
   300 | D:1      | Reached skill level 3 in Axes
   892 | D:2      | Reached XP level 3. HP: 31/33 MP: 2/2
  1116 | D:2      | Found a shadowy altar of Dithmenos.
  1125 | D:2      | Reached skill level 4 in Axes
  1162 | D:2      | Reached XP level 4. HP: 27/41 MP: 3/3
  1320 | D:2      | Found a snail-covered altar of Cheibriados.
  1846 | D:3      | Noticed Ijyb
  1855 | D:3      | Killed Ijyb
  1972 | D:3      | Reached XP level 5. HP: 35/47 MP: 4/4
  1973 | D:3      | Reached skill level 5 in Axes
  2264 | D:3      | Reached skill level 5 in Fighting
  2374 | D:3      | Found a glowing silver altar of Zin.
  2415 | D:3      | Reached skill level 5 in Armour
  2547 | D:3      | Reached XP level 6. HP: 52/56 MP: 5/5
  2661 | D:4      | Found a blossoming altar of Fedhas.
  2861 | D:4      | Found an iron altar of Okawaru.
  2861 | D:4      | Found a basalt altar of Yredelemnul.
  2915 | D:4      | Reached skill level 6 in Axes
  3231 | D:4      | Found Uboggepn's Book Shop.
  3302 | D:5      | Entered Level 5 of the Dungeon
  3579 | D:5      | Reached XP level 7. HP: 60/62 MP: 6/6
  3582 | D:5      | Reached skill level 7 in Axes
  4203 | D:5      | Found a hazy altar of Hepliaklqana.
  4206 | D:5      | Became a worshipper of Hepliaklqana
  4401 | D:6      | Found Erhag's Assorted Antiques.
  4412 | D:6      | Bought a sparkling marble ring for 160 gold pieces
  4412 | D:6      | Identified the ring of Wigajeg {rPois MR+ Int+4} (You bought it in a shop on level 6 of the Dungeon)
  4539 | D:6      | Reached skill level 1 in Invocations
  4596 | D:6      | Reached skill level 8 in Axes
  4734 | D:6      | Found a sparkling altar of Nemelex Xobeh.
  4796 | D:6      | Noticed Xiguana's ghost (novice DDFi)
  4803 | D:6      | Killed Xiguana's ghost
  4803 | D:6      | Reached skill level 9 in Axes
  4803 | D:6      | Reached XP level 8. HP: 55/73 MP: 6/8
  5105 | D:7      | Found an opulent altar of Gozag.
  5148 | D:7      | Reached * piety under Hepliaklqana
  5439 | D:7      | Reached XP level 9. HP: 68/80 MP: 10/10
  5510 | D:7      | You fall through a shaft for 3 floors!
  5510 | D:10     | Entered Level 10 of the Dungeon
  5729 | D:10     | Reached skill level 10 in Axes
  6419 | D:7      | Reached ** piety under Hepliaklqana
  6420 | D:7      | Remembered your ancestor Spork as a hexer
  6435 | D:7      | Found a staircase to the Ecumenical Temple.
  6596 | D:7      | Reached skill level 11 in Axes
  6727 | D:8      | Found a radiant altar of Vehumet.
  6811 | D:8      | Found a staircase to the Lair.
  6903 | D:8      | Reached skill level 5 in Invocations
  6917 | D:8      | Reached XP level 10. HP: 44/90 MP: 12/12
  7596 | D:9      | Noticed Gastronok
  7607 | D:9      | Killed Gastronok
  7607 | D:9      | Reached skill level 12 in Axes
  8105 | D:9      | Noticed Prince Ribbit
  8112 | D:9      | Killed Prince Ribbit
  8660 | Lair:1   | Entered Level 1 of the Lair of Beasts
  8672 | Lair:1   | Reached skill level 10 in Fighting
  8805 | Lair:1   | Reached skill level 10 in Armour
  8856 | Lair:1   | Noticed Ajdolov's ghost (novice HOFi)
  8886 | Lair:1   | Mangled by Ajdolov's ghost

Vault maps used:
D:1:      scummos_arrival_simple_fountains, corexii_item_surrounded_by_moat
D:2:      kennysheep_slug_shrine, grunt_dithmenos_smoke
D:3:      lemuel_crystal_altar, serial_forest, infiniplex_forest_straight_2,
          infiniplex_forest_corner_1, infiniplex_forest_clump_small,
          infiniplex_forest_zigzag_1, infiniplex_forest_clump_small, uniq_iyjb
D:4:      nicolae_overflow_crystal_walls, gammafunk_temple_overflow_elements,
          serial_shops, shop, first_bread
D:5:      kennysheep_mini_moat
D:6:      corexii_shack_village, lemuel_doored_altar, serial_shops, shop
D:7:      grunt_gozag_breadcrumbs, minmay_temple_entry_from_below_a
D:8:      fiery_altar_vehumet, minmay_lair_entry_grove,
          chequers_ossuary_entry_cave
D:9:      minmay_misc_feat_room, uniq_prince_ribbit1, uniq_gastronok
D:10:     serial_shops, nicolae_shop_statue_plus,
          hangedman_little_slice_of_home, kennysheep_generic_room_10
Lair:1:   gammafunk_lair_bear_cave, infiniplex_staircase_pool

Skill      XL: |  1  2  3  4  5  6  7  8  9 10 |
---------------+-------------------------------+-----
Fighting       | 4 5 7 8 10 | 10.0
Axes           | 3 4 5 6 9 11 12 | 12.8
Armour         | 4 5 7 8 10 | 10.0
Invocations    | 2 3 5 6 |  6.6
Shields        | |  3.6

Action                   |  1- 3 |  4- 6 |  7- 9 | 10-12 || total
-------------------------+-------+-------+-------+-------++-------
Melee: War axe           |    95 |   131 |   207 |   148 ||   581
       Headbutt          |    10 |    23 |    39 |    42 ||   114
Invok: Recall Ancestor   |       |       |     1 |     1 ||     2
       Ancestor Life: He |       |       |     1 |       ||     1
  Use: Scroll            |       |    10 |     7 |     4 ||    21
       Potion            |       |     1 |     2 |     5 ||     8
 Stab: Distracted        |       |       |     1 |     3 ||     4
       Confused          |       |       |     1 |       ||     1
  Eat: Chunk             |     1 |     1 |     5 |     3 ||    10
       Bread ration      |       |     1 |     1 |     1 ||     3
       Fruit             |       |     3 |       |       ||     3
       Beef jerky        |       |       |     1 |       ||     1
Armor: Scale mail        |    72 |    50 |    58 |       ||   180
       Chain mail        |       |       |    62 |    54 ||   116
Dodge: Dodged            |    55 |    58 |   109 |    37 ||   259
